 Dungeon Crawl Stone Soup version 0.30-a0-715-gdb4ae3ece1 (webtiles) character file.

Game seed: 697615753905217481

7 tio the Trooper (level 1, 0/18 HPs)
             Began as a Demonspawn Wanderer on Jan 24, 2023.
             Slain by a quokka (3 damage)
             ... on level 1 of the Dungeon.
             The game lasted 00:02:26 (100 turns).

tio the Trooper (Demonspawn Wanderer)                Turns: 100, Time: 00:02:27

Health: 0/18       AC:  2    Str:  9    XL:     1   Next: 83%
Magic:  4/4        EV:  8    Int: 17    God:
Gold:   30         SH:  0    Dex: 11    Spells: 6/6 levels left

rFire   . . .      SeeInvis .    e - +1 short sword (elec)
rCold   . . .      Faith    .    (no shield)
rNeg    . . .      Spirit   .    c - +0 robe
rPois   .          Reflect  .    (no helmet)
rElec   .          Harm     .    (no cloak)
rCorr   .          Rampage  .    (no gloves)
Will    .....                    (no boots)
Stlth   +                        (no amulet)
HPRegen 0.23/turn                (no ring)
MPRegen 0.09/turn                (no ring)

@: constricted
A: no striking features
a: no special abilities


You were on level 1 of the Dungeon.
You visited 1 branch of the dungeon, and saw 1 of its levels.

You collected 30 gold pieces.

Inventory:

Hand Weapons
 a - a +0 dagger
 e - a +1 short sword of electrocution (weapon)
Armour
 c - a +0 robe (worn)
Potions
 b - a potion of haste


   Skills:
 + Level 3.2 Fighting
 + Level 1.0 Dodging
 + Level 3.1 Spellcasting
 + Level 1.1 Necromancy
 + Level 1.9 Earth Magic


You had 6 spell levels left.
You didn't know any spells.
Your spell library contained the following spells:

 Spells                   Type           Power      Damage    Failure   Level
 Sandblast                Erth           18%        2d7       8%          1
 Kiss of Death            Conj/Necr      16%        2d6       14%         1
 Vampiric Draining        Necr           6%         2d6       32%         3
 Animate Armour           Summ/Erth      10%        N/A       75%         4
 Leda's Liquefaction      Hex/Erth       2%         N/A       75%         4


Dungeon Overview and Level Annotations

Branches:
Dungeon (1/15)

Altars:


Message History

You kill the hobgoblin!
The bat misses you. The bat hits you. The bat barely misses you.
The kobold hits you but does no damage.
You barely miss the kobold. The bat closely misses you.
The quokka closely misses you.
The kobold hits you with a +0 short sword.
The quokka bites you.
You completely miss the ball python. The bat barely misses you.
The ball python barely misses you. x2; The kobold closely misses you.
The quokka barely misses you.
You closely miss the ball python. The ball python misses you.
The ball python grabs you. The ball python constricts you.
The bat hits you but does no damage. The kobold closely misses you.
The quokka bites you.
* * * LOW HITPOINT WARNING * * *
You feel better. The bat hits you but does no damage. x2
The ball python bites you but does no damage.
The ball python constricts you. The quokka closely misses you.
The kobold barely misses you. The ball python closely misses you.
The ball python constricts you.
You hit the bat.
You kill the bat!
The quokka barely misses you. The kobold barely misses you.
The ball python bites you. The ball python constricts you.
You hit the frilled lizard.
You kill the frilled lizard!
The quokka bites you but does no damage.
The kobold hits you but does no damage. The ball python bites you.
The ball python constricts you. The quokka barely misses you.
You hit the jackal but do no damage. The jackal closely misses you.
The ball python completely misses you. The ball python constricts you.
The kobold hits you with a +0 short sword.
The quokka bites you but does no damage.
You hit the jackal. Lightning courses through the jackal!
You kill the jackal!
The ball python bites you. The ball python constricts you.
The kobold hits you with a +0 short sword.
* * * LOW HITPOINT WARNING * * *
The quokka bites you.
You die...

.. #. ...... #.#
......###.#
..........#
..........#####
...............
............#
......KSh...##
.....hr@.....###
#...#######....#
### # #...##
##..# #.###
#...# ..# ##.#
.... .. ##.##
##..# #.##..#
#...## ..#.##
#.<..# #.#..#
##...#.#


You could see a quokka, 2 jackals, a ball python and a kobold.

Vanquished Creatures
  2 endoplasms (D:1)
  A hobgoblin (D:1)
  A jackal (D:1)
  A ball python (D:1)
  A bat (D:1)
  2 frilled lizards (D:1)
8 creatures vanquished.

Notes
Turn   | Place    | Note
-------+----------+-------------------------------------------
     0 | D:1      | tio the Demonspawn Wanderer began the quest for the Orb.
     0 | D:1      | tio set off with the following items: a +0 dagger, a potion
                  | of haste, a +0 robe, a potion of curing; and the following
                  | spells available to memorise: Sandblast, Kiss of Death,
                  | Vampiric Draining, Animate Armour, Leda's Liquefaction.
     0 | D:1      | Reached XP level 1. HP: 18/18 MP: 4/4
   100 | D:1      | Slain by a quokka

Illustrated notes

Levels and vault maps discovered:
D:1:      dpeg_arrival_arbitrary_a, layout_loops_ring

Action                     || total
---------------------------++-------
  Melee: Short sword       ||    12
         Dagger            ||     7
    Use: Potion            ||     1
 Armour: Robe              ||    10
  Dodge: Dodged            ||    28

Table legend: (Time is in decaauts)
 A = Elapsed time spent in this place.
 B = Non-inter-level travel time spent in this place.
 C = Inter-level travel time spent in this place.
 D = Time resting spent in this place.
 E = Time spent auto-exploring this place.
 F = Levels seen in this place.
 G = Mean time per level.
                   A        B        C        D        E       F      G
               +--------+--------+--------+--------+--------+-----+--------+
         Total |     99 |     98 |      1 |      0 |     59 |   1 |   99.0 |
       Dungeon |     99 |     98 |      1 |      0 |     59 |   1 |   99.0 |
               +--------+--------+--------+--------+--------+-----+--------+

Top non-repeatable levels by time:
     D:1: 99 daAuts
